ITL
ALLENTOWN HILLBILLIES @ AMARILLO ARCHDUKES
09/14/2027
 
TOP OF THE 1ST
Allentown Hillbillies batting - Pitching for Amarillo Archdukes : RHP Sébastien Benoit
Pitching: RHP Sébastien Benoit
Batting: LHB George Knight 0-0: Ball
1-0: Ground out 5-3 (Groundball, 5S)
Batting: RHB Justin Harris 0-0: Ball
1-0: Ground out 1-3 (Groundball, P)
Batting: RHB Albert Lutz 0-0: Swinging Strike
0-1: Foul Ball, location: 2F
0-2: Ball
1-2: Foul Ball, location: 2F
1-2: Ball
2-2: SINGLE (Flyball, 8RS)
Batting: RHB Diego Rivera 0-0: Ball
1-0: Fly out, F2 (Popup, 25)
Top of the 1st over - 0 run(s), 1 hit(s), 0 error(s), 1 left on base; Allentown 0 - Amarillo 0
BOTTOM OF THE 1ST
Amarillo Archdukes batting - Pitching for Allentown Hillbillies : RHP Mario Torres
Pitching: RHP Mario Torres
Batting: LHB Jorge Martínez 0-0: Ball
1-0: Ball
2-0: Called Strike
2-1: SINGLE (Flyball, 7S)
Batting: RHB Jorge Espinosa 0-0: Ball
1-0: Foul Ball, location: 2F
1-1: Ball
2-1: Called Strike
2-2: Foul Ball, location: 2F
2-2: Ball
3-2: Fly out, F8 (Flyball, 8LM)
Batting: LHB Michael Cook 0-0: Ball
1-0: Grounds out, U3 (Groundball, 3L)
Batting: RHB Norm Francis 0-0: Called Strike
0-1: Swinging Strike
0-2: Strikes out looking
Bottom of the 1st over - 0 run(s), 1 hit(s), 0 error(s), 1 left on base; Allentown 0 - Amarillo 0
TOP OF THE 2ND
Allentown Hillbillies batting - Pitching for Amarillo Archdukes : RHP Sébastien Benoit
Batting: LHB Eduardo Rodríguez 0-0: Ball
1-0: Called Strike
1-1: SINGLE (Line Drive, 3D)
Batting: RHB Dan Banks 0-0: Called Strike
0-1: Foul Ball, location: 2F
0-2: Ball
1-2: Ball
2-2: Strikes out looking
Batting: RHB Carl Brown 0-0: Called Strike
0-1: Grounds into double play, 6-4-3 (Groundball, 6)
Top of the 2nd over - 0 run(s), 1 hit(s), 0 error(s), 0 left on base; Allentown 0 - Amarillo 0
BOTTOM OF THE 2ND
Amarillo Archdukes batting - Pitching for Allentown Hillbillies : RHP Mario Torres
Batting: LHB Howard Lambert 0-0: Foul Ball, location: 2F
0-1: Swinging Strike
0-2: Strikes out swinging
Batting: LHB Pedro Díaz 0-0: Swinging Strike
0-1: Ground out 4-3 (Groundball, 4)
Batting: RHB Juan Barrera 0-0: Called Strike
0-1: Foul Ball, location: 2F
0-2: Ball
1-2: Ball
2-2: Strikes out looking
Bottom of the 2nd over - 0 run(s), 0 hit(s), 0 error(s), 0 left on base; Allentown 0 - Amarillo 0
TOP OF THE 3RD
Allentown Hillbillies batting - Pitching for Amarillo Archdukes : RHP Sébastien Benoit
Batting: RHB Bartolo López 0-0: Ball
1-0: Ball
2-0: Ground out 6-3 (Groundball, 6)
Batting: RHB Joel Jackson 0-0: Ball
1-0: Ball
2-0: Swinging Strike
2-1: Ball
3-1: Called Strike
3-2: Ground out 5-3 (Groundball, 5)
Batting: LHB George Knight 0-0: Called Strike
0-1: Ball
1-1: Called Strike
1-2: Foul Ball, location: 2F
1-2: Ball
2-2: Ground out 6-3 (Groundball, 6)
Top of the 3rd over - 0 run(s), 0 hit(s), 0 error(s), 0 left on base; Allentown 0 - Amarillo 0
BOTTOM OF THE 3RD
Amarillo Archdukes batting - Pitching for Allentown Hillbillies : RHP Mario Torres
Batting: RHB Herb Bunch 0-0: Ball
1-0: Fly out, F9 (Flyball, 9LS)
Batting: RHB José Ruíz 0-0: Fly out, F9 (Flyball, 9)
Batting: LHB Jorge Martínez 0-0: Ball
1-0: Swinging Strike
1-1: Called Strike
1-2: Foul Ball, location: 2F
1-2: Ball
2-2: Ball
3-2: Base on Balls
Batting: RHB Jorge Espinosa 0-0: Ball
1-0: Ground out 1-3 (Groundball, P)
Bottom of the 3rd over - 0 run(s), 0 hit(s), 0 error(s), 1 left on base; Allentown 0 - Amarillo 0
TOP OF THE 4TH
Allentown Hillbillies batting - Pitching for Amarillo Archdukes : RHP Sébastien Benoit
Batting: RHB Justin Harris 0-0: Called Strike
0-1: Ball
1-1: Ball
2-1: Foul Ball, location: 2F
2-2: TRIPLE (Line Drive, 3L)
Batting: RHB Albert Lutz 0-0: Swinging Strike
0-1: Ball
1-1: Ball
2-1: DOUBLE (Line Drive, 89D)
Justin Harris scores
Batting: RHB Diego Rivera 0-0: Ball
1-0: Ball
2-0: Foul Ball, location: 2F
2-1: Ball
3-1: Base on Balls
Batting: LHB Eduardo Rodríguez 0-0: Ball
1-0: Ball
2-0: Foul Ball, location: 2F
2-1: SINGLE (Groundball, 4MD)
Albert Lutz to third
Diego Rivera to second
Runner from 3rd tries for Home, SAFE, no throw
Batting: RHB Dan Banks 0-0: Called Strike
0-1: Ball
1-1: Called Strike
1-2: Ball
2-2: Ball
3-2: Strikes out swinging
Batting: RHB Carl Brown 0-0: Ball
1-0: Fly out, F9 (Flyball, 9LS)
Batting: RHB Bartolo López 0-0: Called Strike
0-1: Ball
1-1: Fielders Choice at 2nd, 6-4 (Groundball, 6)
Top of the 4th over - 2 run(s), 3 hit(s), 0 error(s), 1 left on base; Allentown 2 - Amarillo 0
BOTTOM OF THE 4TH
Amarillo Archdukes batting - Pitching for Allentown Hillbillies : RHP Mario Torres
Batting: LHB Michael Cook 0-0: Called Strike
0-1: Swinging Strike
0-2: Ball
1-2: Ball
2-2: Foul Ball, location: 2F
2-2: SOLO HOME RUN (Flyball, 9D), Distance : 348 ft
Batting: RHB Norm Francis 0-0: Foul Ball, location: 2F
0-1: Ball
1-1: Ball
2-1: Foul Ball, location: 2F
2-2: Ball
3-2: Fly out, F6 (Line Drive, 6M)
Batting: LHB Howard Lambert 0-0: Ball
1-0: Called Strike
1-1: Foul Ball, location: 2F
1-2: Strikes out looking
Batting: LHB Pedro Díaz 0-0: Called Strike
0-1: Fly out, F8 (Line Drive, 89XD)
Bottom of the 4th over - 1 run(s), 1 hit(s), 0 error(s), 0 left on base; Allentown 2 - Amarillo 1
TOP OF THE 5TH
Allentown Hillbillies batting - Pitching for Amarillo Archdukes : RHP Sébastien Benoit
Batting: RHB Joel Jackson 0-0: Foul Ball, location: 2F
0-1: Ground out 5-3 (Groundball, 56)
Batting: LHB George Knight 0-0: Called Strike
0-1: Fly out, F8 (Flyball, 8RM)
Batting: RHB Justin Harris 0-0: Swinging Strike
0-1: Ball
1-1: Ball
2-1: Ball
3-1: Base on Balls
Batting: RHB Albert Lutz 0-0: Ball
1-0: SINGLE (Groundball, 4M) (infield hit)
Justin Harris to second
Pitching: RHP Larry Pérez
Batting: RHB Diego Rivera 0-0: Called Strike
0-1: Called Strike
0-2: Strikes out swinging
Top of the 5th over - 0 run(s), 1 hit(s), 0 error(s), 2 left on base; Allentown 2 - Amarillo 1
BOTTOM OF THE 5TH
Amarillo Archdukes batting - Pitching for Allentown Hillbillies : RHP Mario Torres
Batting: RHB Juan Barrera 0-0: Called Strike
0-1: Ground out 5-3 (Groundball, 5)
Batting: RHB Herb Bunch 0-0: Called Strike
0-1: Ball
1-1: Ball
2-1: Foul Ball, location: 2F
2-2: Ball
3-2: Base on Balls
Batting: RHB José Ruíz 0-0: Foul Ball, location: 2F
0-1: Ball
1-1: Called Strike
1-2: Strikes out looking
Batting: LHB Jorge Martínez 0-0: Ball
1-0: Called Strike
1-1: SINGLE (Groundball, 6MD)
Herb Bunch to second
Batting: RHB Jorge Espinosa 0-0: Called Strike
0-1: Foul Ball, location: 2F
0-2: Ball
1-2: Strikes out looking
Bottom of the 5th over - 0 run(s), 1 hit(s), 0 error(s), 2 left on base; Allentown 2 - Amarillo 1
TOP OF THE 6TH
Allentown Hillbillies batting - Pitching for Amarillo Archdukes : RHP Larry Pérez
Batting: LHB Eduardo Rodríguez 0-0: Ball
1-0: Swinging Strike
1-1: Ball
2-1: Swinging Strike
2-2: Fly out, F6 (Popup, 6)
Batting: RHB Dan Banks 0-0: DOUBLE (Line Drive, 7LM)
Batting: RHB Carl Brown 0-0: Called Strike
0-1: Called Strike
Dan Banks steals 3rd base
0-2: Hit by Pitch
Batting: RHB Bartolo López 0-0: Called Strike
0-1: Ball
1-1: Grounds into double play, 4-6-3 (Groundball, 4)
Top of the 6th over - 0 run(s), 1 hit(s), 0 error(s), 1 left on base; Allentown 2 - Amarillo 1
BOTTOM OF THE 6TH
Amarillo Archdukes batting - Pitching for Allentown Hillbillies : RHP Mario Torres
Batting: LHB Michael Cook 0-0: Called Strike
0-1: Ball
1-1: Ball
2-1: Ball
3-1: Base on Balls
Batting: RHB Norm Francis 0-0: Called Strike
0-1: Ball
1-1: Ball
2-1: Grounds into double play, 6-4-3 (Groundball, 6)
Batting: LHB Howard Lambert 0-0: Ball
1-0: Ball
2-0: Called Strike
2-1: SOLO HOME RUN (Flyball, 9LD), Distance : 331 ft
Batting: LHB Pedro Díaz 0-0: Ball
1-0: Fly out, F8 (Line Drive, 8RXD)
Bottom of the 6th over - 1 run(s), 1 hit(s), 0 error(s), 0 left on base; Allentown 2 - Amarillo 2
TOP OF THE 7TH
Allentown Hillbillies batting - Pitching for Amarillo Archdukes : RHP Larry Pérez
Batting: RHB Joel Jackson 0-0: DOUBLE (Line Drive, 7D)
Pitching: LHP Charlie Conner
Pinch Hitting: RHB Millard Stark 0-0: Intentional Walk
Pitching: RHP Brian Hull
Batting: RHB Justin Harris 0-0: Reached on error, E2 (Groundball, 23)
Joel Jackson scores
Millard Stark to third
Pinch Hitting: LHB Marcos Vargas 0-0: Called Strike
0-1: Ball
1-1: Swinging Strike
1-2: Foul Ball, location: 2F
1-2: Ball
2-2: Foul Ball, location: 2F
2-2: Foul Ball, location: 2F
2-2: Fly out, F7 (Flyball, 7LSF)
Runner from 3rd tags up, SCORES, no throw
Batting: RHB Diego Rivera 0-0: Called Strike
0-1: Ball
1-1: TRIPLE (Flyball, 8RD)
Justin Harris scores
Batting: LHB Eduardo Rodríguez 0-0: Intentional Walk
Batting: RHB Dan Banks 0-0: Foul Ball, location: 2F
0-1: Reached on error, E6 (Groundball, 6)
Diego Rivera scores
Eduardo Rodríguez to second
Batting: RHB Carl Brown 0-0: Ball
1-0: Swinging Strike
1-1: Ball
2-1: Ball
3-1: Called Strike
3-2: Base on Balls
Eduardo Rodríguez to third
Dan Banks to second
Batting: RHB Bartolo López 0-0: Ball
1-0: Fly out, F3 (Line Drive, 34)
Batting: RHB Joel Jackson 0-0: DOUBLE (Flyball, 7D)
Eduardo Rodríguez scores
Dan Banks scores
Carl Brown to third
Pitching: RHP Jeff Lawson
Batting: RHB Millard Stark 0-0: Ball
1-0: Ground out 5-3 (Groundball, 56S)
Top of the 7th over - 6 run(s), 3 hit(s), 2 error(s), 2 left on base; Allentown 8 - Amarillo 2
BOTTOM OF THE 7TH
Amarillo Archdukes batting - Pitching for Allentown Hillbillies : RHP Mario Torres
Pitching: LHP Emílio Trevino
Now in CF: Millard Stark
Now in RF: Mason Mabbett
Batting: RHB Juan Barrera 0-0: SINGLE (Line Drive, 34D)
Batting: RHB Herb Bunch 0-0: Called Strike
0-1: Called Strike
0-2: Ball
1-2: Ball
2-2: Ball
3-2: Base on Balls
Juan Barrera to second
Batting: RHB José Ruíz 0-0: Called Strike
0-1: Ball
1-1: Ball
2-1: Ball
3-1: Base on Balls
Juan Barrera to third
Herb Bunch to second
Batting: LHB Jorge Martínez 0-0: Fly out, F4 (Popup, 4S)
Batting: RHB Jorge Espinosa 0-0: Ball
1-0: Foul Ball, location: 2F
1-1: Foul Ball, location: 2F
1-2: Foul Ball, location: 2F
1-2: Strikes out swinging
Batting: LHB Michael Cook 0-0: Foul Ball, location: 2F
0-1: Ball
1-1: Ball
2-1: Called Strike
2-2: Ball
3-2: Base on Balls
Juan Barrera scores
Herb Bunch to third
José Ruíz to second
Batting: RHB Norm Francis 0-0: Ball
1-0: Ball
2-0: Ball
3-0: Called Strike
3-1: Foul Ball, location: 2F
3-2: Foul Ball, location: 2F
3-2: Foul Ball, location: 2F
3-2: Foul Ball, location: 2F
3-2: Ground out 6-3 (Groundball, 6)
Bottom of the 7th over - 1 run(s), 1 hit(s), 0 error(s), 3 left on base; Allentown 8 - Amarillo 3
TOP OF THE 8TH
Allentown Hillbillies batting - Pitching for Amarillo Archdukes : RHP Jeff Lawson
Batting: RHB Justin Harris 0-0: Fly out, F7 (Flyball, 7D)
Batting: LHB Mason Mabbett 0-0: Ball
1-0: Foul Ball, location: 2F
1-1: SINGLE (Line Drive, 9S)
Batting: RHB Diego Rivera 0-0: 2-RUN HOME RUN (Flyball, 7LD), Distance : 311 ft
Batting: LHB Eduardo Rodríguez 0-0: Called Strike
0-1: Ball
1-1: Ball
2-1: Ground out 3-1 (Groundball, 34)
Batting: RHB Dan Banks 0-0: Ball
1-0: SINGLE (Line Drive, 78S)
Batting: RHB Carl Brown 0-0: Called Strike
0-1: SINGLE (Groundball, 56D)
Dan Banks to second
Runner from 2nd tries for 3rd, SAFE, throw made to third
Batting: RHB Bartolo López 0-0: Foul Ball, location: 2F
0-1: Called Strike
0-2: Ball
1-2: Ground out U3 (Groundball, 34)
Top of the 8th over - 2 run(s), 4 hit(s), 0 error(s), 2 left on base; Allentown 10 - Amarillo 3
BOTTOM OF THE 8TH
Amarillo Archdukes batting - Pitching for Allentown Hillbillies : LHP Emílio Trevino
Now at 1B: Germano Labrego
Now at SS: António Yánez
Batting: LHB Howard Lambert 0-0: Swinging Strike
0-1: Ball
1-1: Foul Ball, location: 2F
1-2: Foul Ball, location: 2F
1-2: Strikes out swinging
Batting: LHB Pedro Díaz 0-0: Called Strike
0-1: Foul Ball, location: 2F
0-2: Foul Ball, location: 2F
0-2: SINGLE (Flyball, 6MD)
Batting: RHB Juan Barrera 0-0: Fly out, F7 (Flyball, 7S)
Batting: RHB Herb Bunch 0-0: Called Strike
0-1: Ball
1-1: Ball
2-1: Fly out, F8 (Flyball, 8RS)
Bottom of the 8th over - 0 run(s), 1 hit(s), 0 error(s), 1 left on base; Allentown 10 - Amarillo 3
TOP OF THE 9TH
Allentown Hillbillies batting - Pitching for Amarillo Archdukes : RHP Jeff Lawson
Batting: RHB Joel Jackson 0-0: Called Strike
0-1: Fly out, F7 (Flyball, 7S)
Batting: RHB Millard Stark 0-0: Ball
1-0: SINGLE (Flyball, 8RS)
Batting: RHB Justin Harris 0-0: Foul Ball, location: 2F
0-1: Ball
1-1: Fly out, F1 (Line Drive, 13)
Lined into DP, 1-3 (Line Drive, 13)
Top of the 9th over - 0 run(s), 1 hit(s), 0 error(s), 0 left on base; Allentown 10 - Amarillo 3
BOTTOM OF THE 9TH
Amarillo Archdukes batting - Pitching for Allentown Hillbillies : LHP Emílio Trevino
Batting: RHB José Ruíz 0-0: Ball
1-0: SINGLE (Line Drive, 8LS)
Pitching: RHP Dale Downs
Batting: LHB Jorge Martínez 0-0: Ball
1-0: Ball
2-0: Called Strike
2-1: Swinging Strike
2-2: Foul Ball, location: 2F
2-2: Ball
3-2: Base on Balls
José Ruíz to second
Batting: RHB Jorge Espinosa 0-0: Ball
1-0: Ball
2-0: Called Strike
2-1: Grounds into double play, 6-4-3 (Groundball, 6)
José Ruíz to third
Batting: LHB Michael Cook 0-0: Called Strike
0-1: SINGLE (Groundball, 34D)
José Ruíz scores
Batting: RHB Norm Francis 0-0: Ball
1-0: Ball
2-0: Called Strike
2-1: Foul Ball, location: 2F
2-2: Foul Ball, location: 2F
2-2: Strikes out swinging
Bottom of the 9th over - 1 run(s), 2 hit(s), 0 error(s), 1 left on base; Allentown 10 - Amarillo 4
Thursday, March 30th, 2017 - OOTP Baseball 17.12 Build 75